AoeStats
← Xenol

Arabia

508517602Analyzed
1v1 RM · 11d ago on Sep 22, 2026· 49m 39s· 2 players
Game mode
Random Map
Map size
Tiny (2 player)
Population
200
Speed
Normal
Resources
Standard
Victory
Conquest
Starting age
Dark Age
Ending age
Imperial Age
RankedLock teamsTeams togetherTeam positionsShared explorationLock speedFull tech treeHidden civsTurbo modeCheats
Victory
Defeat
🇬🇧 Japanese · United Kingdom
719
+17
🇹🇷 Slavs · Türkiye
742
-17
how_do_aim
7:45 Loom
10:31 Feudal Age
11:48 Wheelbarrow
11:10 Double-Bit Axe
11:07 Horse Collar
11:39 Man-at-Arms
19:58 Forging
19:48 Scale Mail Armor
30:19 Castle Age
31:30 Hand Cart
31:35 Bow Saw
31:26 Heavy Plow
35:06 Imperial Age
32:44 Squires
33:21 Iron Casting
32:58 Gold Mining
33:59 Stone Mining
36:51 Blast Furnace
36:06 Long Swordsman
38:02 Gold Shaft Mining
40:31 Chain Mail Armor
43:12 Two-Man Saw
43:08 Plate Mail Armor
44:52 Two-Handed Swordsman
46:01 Champion
Xenol
2:41 Loom
12:07 Feudal Age
13:05 Man-at-Arms
15:32 Forging
15:40 Double-Bit Axe
26:49 Castle Age
26:54 Fletching
27:05 Long Swordsman
32:29 Scale Mail Armor
35:03 Chain Mail Armor
35:24 Iron Casting
39:44 Scale Barding Armor
43:32 Imperial Age
42:46 Wheelbarrow
44:14 Chain Barding Armor
44:38 Conscription
45:09 Two-Handed Swordsman
Connection lost

Rejoining the realm…

Still unreachable

The connection could not be restored.

Session expired

The server has moved on; the page needs a fresh start.